 Dungeon Crawl Stone Soup version 0.29.1-2-gbd0b4ee654 (webtiles) character file.

Game seed: 1421472611492557600

4 Gabide the Shooter (level 1, -1/19 HPs)
             Began as a Naga Hunter on Nov 20, 2022.
             Slain by a quokka (3 damage)
             ... on level 1 of the Dungeon.
             The game lasted 00:00:56 (107 turns).

Gabide the Shooter (Naga Hunter)                     Turns: 107, Time: 00:00:58

Health: -1/19      AC:  2    Str: 13    XL:     1   Next: 70%
Magic:  1/1        EV:  9    Int:  9    God:
Gold:   0          SH:  0    Dex: 14    Spells: 0/0 levels left

rFire   . . .      SeeInvis +   a - +0 shortbow
rCold   . . .      Faith    .   (shield currently unavailable)
rNeg    . . .      Spirit   .   c - +0 leather armour
rPois   +          Reflect  .   (no helmet)
rElec   .          Harm     .   (no cloak)
rCorr   .          Rampage  .   d - +0 pair of gloves
Will    .....                   (no barding)
Stlth   ++........              (no amulet)
HPRegen 0.06/turn               (no ring)
MPRegen 0.07/turn               (no ring)

@: very slow
A: AC +0, large, see invisible, deformed body, poison resistance, slowness 2,
spit poison 1, naga tail 1
a: Spit Poison


You were on level 1 of the Dungeon.
You visited 1 branch of the dungeon, and saw 1 of its levels.

Inventory:

Hand Weapons
 a - a +0 shortbow (weapon)
Armour
 c - a +0 leather armour (worn)
 d - a +0 pair of gloves (worn)
Scrolls
 b - a scroll of immolation


   Skills:
 + Level 2.1 Fighting
 + Level 3.7 Ranged Weapons
 + Level 1.7 Dodging
 - Level 1.5 Stealth


You couldn't memorise any spells.
You didn't know any spells.
Your spell library was empty.

Dungeon Overview and Level Annotations

Branches:
Dungeon (1/15)

Altars:


Innate Abilities, Weirdness & Mutations

Your serpentine skin is tough. (AC +0)
You have supernaturally acute eyesight. (SInv)
Armour fits poorly on your strangely shaped body.
Your system is resistant to poisons. (rPois)
You cover ground very slowly.
You can spit poison.
You have a snake-like lower body.


Message History

The arrow hits the quokka but does no damage.
The quokka bites you.
You shoot an arrow. The arrow hits the quokka.
The quokka is moderately wounded.
The quokka bites you. x3
* * * LOW HITPOINT WARNING * * *
Aiming: Spit Poison (3% risk of failure)
Press: ? - help, Q - select action, (/) - cycle Shift-Dir - straight line, f/p - quokka
Aim: a quokka (moderately wounded, 38% to hit)
The splash of poison hits the quokka!
The quokka is poisoned.
You kill the quokka!
The quokka bites you but does no damage.
You can't do that yet.
Unknown command.
You can't do that yet.
Fire: a) +0 shortbow
Press: ? - help, Shift-Dir - straight line, f - quokka
Aim: a quokka (50% to hit)
You shoot an arrow. The arrow misses the quokka.
The quokka closely misses you. The quokka bites you.
* * * LOW HITPOINT WARNING * * *
Fire: a) +0 shortbow
Press: ? - help, Shift-Dir - straight line, f/p - quokka
Aim: a quokka (50% to hit)
You shoot an arrow. The arrow misses the quokka.
You have got your breath back.
The quokka barely misses you.
Fire: a) +0 shortbow
Press: ? - help, Shift-Dir - straight line, f/p - quokka
Aim: a quokka (50% to hit)
You shoot an arrow. The arrow hits the quokka.
The quokka is heavily wounded.
The quokka closely misses you. The quokka bites you.
* * * LOW HITPOINT WARNING * * *
Aiming: Spit Poison (3% risk of failure)
Press: ? - help, Q - select action, (/) - cycle Shift-Dir - straight line, f/p - quokka
Aim: a quokka (heavily wounded, 38% to hit)
You fail to use your ability.
The quokka bites you.
You die...

########### #.........#
#.#######.###
############.#..........
.............#.#####.#.#
#.....†........# #.#.#
#..r@.......# #.#.#
#.#.#.#.#########.#.#
#...............#.#
#...#......>##....#
##.#######......... #.#
#..##.##.# #.#
#..##.##.# #.#
####.....##.#
#.####.....#####.#


You could see a quokka.

Vanquished Creatures
  A ball python (D:1)
  An endoplasm (D:1)
  A quokka (D:1)
  A rat (D:1)
4 creatures vanquished.

Notes
Turn   | Place    | Note
-------+----------+-------------------------------------------
     0 | D:1      | Gabide the Naga Hunter began the quest for the Orb.
     0 | D:1      | Reached XP level 1. HP: 19/19 MP: 1/1
   107 | D:1      | Slain by a quokka

Illustrated notes

Levels and vault maps discovered:
D:1:      dpeg_arrival_ternary, layout_loops_ring,
          shapermc_ecumenical_altar_totnotflames, minmay_pentomino_u2

Action                   || total
-------------------------++-------
 Fire: Shortbow          ||    12
 Abil: Spit Poison       ||     1
Armor: Leather armour    ||     1
Dodge: Dodged            ||     3
